[Event "Open"]
[Site "Tallinn, EE"]
[Date "2024.12.14"]
[Round "2.1"]
[White "Kull, Tormi"]
[Black "Volodin, Aleksandr"]
[Result "0-1"]
[Board "1"]
[TimeControl "40/5400+30"]
[WhiteFideId "4510151"]
[BlackFideId "4501950"]
[WhiteTitle "CM"]
[BlackTitle "GM"]
[WhiteElo "2233"]
[BlackElo "2466"]
[WhiteTeam "EST"]
[BlackTeam "EST"]
[WhiteClock "0:25:42"]
[BlackClock "0:09:57"]
[Variant "Standard"]

1. c4  e6 2. g3  d5 3. Bg2  Nf6 4. Nf3  Be7 5. b3  a5 6. Bb2  c6 7. O-O  O-O 8. Qc2  a4 9. bxa4  Qa5 10. Nc3  dxc4 11. Rfc1  Nbd7 12. Ne4  Qxa4 13. Nxf6+  Nxf6 14. Qxc4  Qxc4 15. Rxc4  Rd8 16. d3  Nd5 17. Be5  f6 18. Bd4  Ra3 19. Bb2  Ra6 20. Nd4  Bd7 21. Nb3  Rda8 22. Nc1  Kf7 23. Bxd5  exd5 24. Rc2  c5 25. e4  dxe4 26. dxe4  b5 27. e5  c4 28. exf6  gxf6 29. Bd4  Bf5 30. Rc3  Rd8 31. Rf3  Bh3 32. Rf4  Re6 33. f3  Rxd4 0-1

[Event "Open"]
[Site "Tallinn, EE"]
[Date "2024.12.15"]
[Round "2.2"]
[White "Volodin, Aleksandr"]
[Black "Kull, Tormi"]
[Result "1-0"]
[Board "1"]
[TimeControl "40/5400+30"]
[WhiteFideId "4501950"]
[BlackFideId "4510151"]
[WhiteTitle "GM"]
[BlackTitle "CM"]
[WhiteElo "2466"]
[BlackElo "2233"]
[WhiteTeam "EST"]
[BlackTeam "EST"]
[WhiteClock "0:09:57"]
[BlackClock "0:32:30"]
[Variant "Standard"]

1. d4  Nf6 2. c4  g6 3. g3  Bg7 4. Bg2  O-O 5. Nf3  d6 6. O-O  Nbd7 7. Nc3  e5 8. e4  c6 9. h3  Qb6 10. Re1  exd4 11. Nxd4  Re8 12. Na4  Qa6 13. b3  Nc5 14. Nc3  Nfd7 15. Be3  Qa5 16. Qc2  Ne5 17. Rad1  Qb4 18. f4  Ned7 19. Nb1  a5 20. a3  Qb6 21. Nd2  Nf6 22. Bf2  h5 23. N4f3  Qc7 24. Ng5  Ne6 25. Ndf3  Nxg5 26. Nxg5  c5 27. Qd2  a4 28. b4  cxb4 29. Qxb4  Ra6 30. c5  dxc5 31. Bxc5  Nd7 32. Bd4  Bxd4+ 33. Qxd4  Qc5 34. e5  Qxa3 35. Ne4  Rf8 36. Ra1  Qb3 37. Reb1  Qc2 38. Rc1  Qb3 39. Rab1  Qe6 40. Nd6  Rc6 41. Bxc6  bxc6 42. Rxc6  Qxh3 43. Qf2  Nxe5 44. Rxc8  Rxc8 45. Nxc8  Nd3 46. Ne7+  Kf8 47. Nxg6+  fxg6 48. Rb8+  Kf7 49. Qa7+  Ke6 50. Qe3+  Kd5 1-0

[Event "Open"]
[Site "Tallinn, EE"]
[Date "2024.12.14"]
[Round "2.1"]
[White "Narva, Mai"]
[Black "Rychagov, Nikita"]
[Result "1/2-1/2"]
[Board "2"]
[TimeControl "40/5400+30"]
[WhiteFideId "4500512"]
[BlackFideId "4508394"]
[WhiteTitle "IM"]
[BlackTitle "CM"]
[WhiteElo "2413"]
[BlackElo "2240"]
[WhiteTeam "EST"]
[BlackTeam "EST"]
[WhiteClock "0:02:37"]
[BlackClock "0:20:45"]
[Variant "Standard"]

1. e4  e5 2. Nf3  Nc6 3. Bb5  a6 4. Ba4  Nf6 5. O-O  b5 6. Bb3  Bb7 7. d3  Bc5 8. Be3  d6 9. Bxc5  dxc5 10. Nc3  O-O 11. a4  b4 12. Nd5  Bc8 13. Nxf6+  Qxf6 14. Bd5  Bg4 15. h3  Bxf3 16. Qxf3  Qd6 17. c3  Rab8 18. a5  Rb5 19. Qg3  Ne7 20. Bc4  Rbb8 21. f4  Ng6 22. f5  Nf4 23. Rf2  bxc3 24. bxc3  Rfd8 25. Rd1  Qh6 26. Qe3  Qh5 27. Rdf1  Qg5 28. Kh2  h5 29. Qxc5  Nxd3 30. Bxd3  Rxd3 31. Qxe5  h4 32. Kh1  Qg3 33. Qxg3  hxg3 34. Rf3  Rbd8 35. Kg1  Kh7 36. e5  Kg8 37. Re1  Kf8 38. f6  Rxf3 39. gxf3  gxf6 40. exf6  Rd6 41. Kg2  Rxf6 42. Rb1  Rc6 43. Rb8+  Kg7 44. Ra8  Rxc3 45. Rxa6  Ra3 46. Kxg3  c5 47. Ra8  c4 48. Rc8  Rxa5 49. Rxc4  Ra1 50. h4  Rg1+ 51. Kf4  Ra1 52. Rc5  Ra4+ 53. Kg3  Kg6 54. Rg5+  Kf6 55. Kh3  Rb4 56. Rg4  Rb5 57. Ra4  Kg6 58. Kg4  Rb1 59. Ra6+  Kg7 60. f4  Rg1+ 61. Kh5  Rf1 62. Ra4  Rf2 63. Kg4  Rg2+ 64. Kf3  Rh2 65. Kg3  Rh1 66. Ra5  Rg1+ 67. Kf3  Rf1+ 68. Kg4  Rg1+ 69. Kh5  Rf1 70. Ra4  Rf2 71. Rb4 1/2-1/2

[Event "Open"]
[Site "Tallinn, EE"]
[Date "2024.12.15"]
[Round "2.2"]
[White "Rychagov, Nikita"]
[Black "Narva, Mai"]
[Result "1/2-1/2"]
[Board "2"]
[TimeControl "40/5400+30"]
[WhiteFideId "4508394"]
[BlackFideId "4500512"]
[WhiteTitle "CM"]
[BlackTitle "IM"]
[WhiteElo "2240"]
[BlackElo "2413"]
[WhiteTeam "EST"]
[BlackTeam "EST"]
[WhiteClock "0:24:34"]
[BlackClock "0:16:37"]
[Variant "Standard"]

1. e4  e5 2. Nf3  Nc6 3. Bb5  a6 4. Ba4  d6 5. O-O  Bd7 6. c3  Nge7 7. d4  Ng6 8. Bc2  Be7 9. a4  O-O 10. d5  Nb8 11. a5  f5 12. exf5  Bxf5 13. Bxf5  Rxf5 14. c4  Nd7 15. Ra3  Qe8 16. Nc3  Nf4 17. Ne2  g5 18. Ng3  Rf8 19. Bxf4  Rxf4 20. Nd2  Qg6 21. Ne2  Rf7 22. Qb1  Qg7 23. Ne4  h5 24. b4  g4 25. b5  Rb8 26. Rb3  Rff8 27. h3  Qg6 28. Qd3  Kh8 29. hxg4  hxg4 30. Rfb1  Kg7 31. bxa6  bxa6 32. Rb7  Bh4 33. g3  Rf3 34. Qc2  Rxb7 35. Rxb7  Bd8 36. Rb2  Ra3 37. Qb1  Rxa5 38. N2c3  Nc5 39. Rb8  Nxe4 40. Nxe4  Be7 41. Rb7  Bd8 42. Rb8  Be7 43. Rb7  Bd8 44. Rb8 1/2-1/2

[Event "Open"]
[Site "Tallinn, EE"]
[Date "2024.12.15"]
[Round "2.3"]
[White "Rychagov, Nikita"]
[Black "Narva, Mai"]
[Result "0-1"]
[Board "2"]
[TimeControl "900+3"]
[WhiteFideId "4508394"]
[BlackFideId "4500512"]
[WhiteTitle "CM"]
[BlackTitle "IM"]
[WhiteElo "2310"]
[BlackElo "2384"]
[WhiteTeam "EST"]
[BlackTeam "EST"]
[WhiteClock "0:02:30"]
[BlackClock "0:02:39"]
[Variant "Standard"]

1. e4  c5 2. Nf3  Nc6 3. d4  cxd4 4. Nxd4  Nf6 5. Nc3  e5 6. Ndb5  d6 7. Bg5  a6 8. Na3  b5 9. Nd5  Be7 10. Bxf6  Bxf6 11. c3  O-O 12. Nc2  Bg5 13. a4  bxa4 14. Rxa4  a5 15. Bc4  Rb8 16. b3  Kh8 17. Nce3  Bxe3 18. Nxe3  Ne7 19. O-O  f5 20. exf5  Bxf5 21. Ra2  Be4 22. Qg4  d5 23. Rd2  Qc7 24. Nxd5  Bxd5 25. Bxd5  Qxc3 26. Rdd1  Nxd5 27. Rxd5  Rxb3 28. Rd7  Rg8 29. h4  Rb4 30. Qg5  h6 31. Qe7  a4 32. Rc7  Qd4 33. Rd7  Qb2 34. Rd8  a3 35. Rxg8+  Kxg8 36. Qd8+  Kh7 37. Qd3+  e4 38. Qd5  Rb8 39. Qxe4+  Kh8 0-1

[Event "Open"]
[Site "Tallinn, EE"]
[Date "2024.12.15"]
[Round "2.4"]
[White "Narva, Mai"]
[Black "Rychagov, Nikita"]
[Result "1-0"]
[Board "2"]
[TimeControl "900+3"]
[WhiteFideId "4500512"]
[BlackFideId "4508394"]
[WhiteTitle "IM"]
[BlackTitle "CM"]
[WhiteElo "2384"]
[BlackElo "2310"]
[WhiteTeam "EST"]
[BlackTeam "EST"]
[WhiteClock "0:10:21"]
[BlackClock "0:08:49"]
[Variant "Standard"]

1. e4  e5 2. Nf3  Nc6 3. Bb5  a6 4. Ba4  Nf6 5. O-O  Nxe4 6. d4  b5 7. Bb3  d5 8. dxe5  Be6 9. Be3  Be7 10. c3  O-O 11. Nbd2  Bg4 12. Nxe4  dxe4 13. Qd5  exf3 14. Qxc6  fxg2 15. Qxg2  Qd7 16. Bh6  gxh6 17. f3  Kh8 18. fxg4  Bc5+ 19. Kh1  Rae8 20. Rae1  h5 21. g5  Qe7 22. Rf6  Bd6 23. Bc2  Rg8 24. Qe4  Rg7 25. exd6 1-0

[Event "Open"]
[Site "Tallinn, EE"]
[Date "2024.12.14"]
[Round "2.1"]
[White "Timoshin, Andrei"]
[Black "Obolonin, Filipp"]
[Result "0-1"]
[Board "3"]
[TimeControl "40/5400+30"]
[WhiteFideId "4503503"]
[BlackFideId "4505549"]
[WhiteElo "2207"]
[BlackElo "2009"]
[WhiteTeam "EST"]
[BlackTeam "EST"]
[WhiteClock "0:00:55"]
[BlackClock "0:50:57"]
[Variant "Standard"]

1. e4  c5 2. c3  e6 3. d4  d5 4. exd5  Qxd5 5. Nf3  Nc6 6. Be3  cxd4 7. cxd4  Nf6 8. Nc3  Qa5 9. Bd3  Be7 10. O-O  O-O 11. a3  Qd8 12. Bc2  b6 13. Qd3  Bb7 14. Rfd1  g6 15. Bh6  Re8 16. Bb3  Bf8 17. Bxf8  Rxf8 18. Ne5  Ne7 19. Re1  Ned5 20. Nxd5  Bxd5 21. Ba4  a6 22. Rec1  b5 23. Bd1  Qd6 24. Be2  Rac8 25. Qg3  Kg7 26. Qf4  Qe7 27. g4  h6 28. h4  Ne4 29. Bd3  g5 30. Qe3  Nd6 31. h5  Ba8 32. f3  Rfd8 33. Rxc8  Rxc8 34. Re1  Bd5 35. Bb1  Nc4 36. Qd3  Rh8 37. Nxc4  bxc4 38. Qe3  Qf6 39. Be4  Rb8 40. Qf2  Qf4 41. Kg2  Rb3 42. Re2  Bxe4 43. Rxe4  Qc1 44. Re2  c3 45. d5  Rxb2 46. dxe6  Rxe2 47. Qxe2  Kf8 48. Qe5  Qd2+ 49. Kh3  Ke7 50. exf7+  Kxf7 51. Qc7+  Ke6 52. Qc6+  Ke5 53. Qe4+  Kd6 54. Qb4+  Kc7 55. Qc5+  Kd7 56. Qa7+  Kc6 57. Qxa6+  Kc5 58. Qa5+  Kd4 59. Qa7+  Kd3 60. Qh7+  Ke3 61. Qe4+  Kf2 62. Qe5  Kxf3 63. Qg3+  Ke4 64. Qb8  c2 65. Qe8+  Kf3 66. Qc6+  Ke2 67. Qg2+  Ke3 68. Qg1+  Kd3 69. Qf1+  Qe2 70. Qf5+  Kd2 71. Qa5+  Kd1 72. Qd5+  Ke1 73. Qa5+  Kf1 74. Qf5+  Kg1 75. Qc5+  Qf2 0-1

[Event "Open"]
[Site "Tallinn, EE"]
[Date "2024.12.15"]
[Round "2.2"]
[White "Obolonin, Filipp"]
[Black "Timoshin, Andrei"]
[Result "1-0"]
[Board "3"]
[TimeControl "40/5400+30"]
[WhiteFideId "4505549"]
[BlackFideId "4503503"]
[WhiteElo "2009"]
[BlackElo "2207"]
[WhiteTeam "EST"]
[BlackTeam "EST"]
[WhiteClock "1:00:02"]
[BlackClock "0:01:27"]
[Variant "Standard"]

1. d4  Nf6 2. Nf3  b6 3. g3  Bb7 4. Bg2  c5 5. O-O  cxd4 6. Qxd4  g6 7. c4  Bg7 8. Nc3  O-O 9. Qd3  Na6 10. Bg5  h6 11. Bxf6  Bxf6 12. Rad1  d6 13. b3  Nc5 14. Qd2  h5 15. h4  Qd7 16. Ng5  Bxg2 17. Kxg2  Qb7+ 18. Kg1  Bg7 19. Qc2  Rfd8 20. Nce4  a6 21. Rd5  Nxe4 22. Qxe4  Qd7 23. Rfd1  Rac8 24. Qf4  Rf8 25. Nf3  Qg4 26. Qe3  Qe6 27. Qd3  b5 28. cxb5  Rc3 29. Qd2  Rfc8 30. Ne1  Kh7 31. e3  Bh6 32. Rd3  R3c7 33. bxa6  Ra7 34. Rc1  Rxa6 35. Rdc3  Rca8 36. R1c2  Qe4 37. Rc8  R8a7 38. R8c7  Ra8 39. Rc8  Bg7 40. Rxa8  Qxa8 41. Nd3  e6 42. Nf4  d5 43. Nh3  Be5 44. Ng5+  Kg7 45. Nf3  Bf6 46. Nd4  Qb7 47. a4  Rd6 48. Nb5  Rd7 49. Qc1  Bd8 50. Rc6  e5 51. Qc5  Be7 52. Qc3  Bf6 53. Rc7  Rxc7 54. Qxc7  Qa8 55. Nd6  Qf8 56. Qd7  Be7 57. Ne8+  Kg8 58. a5  d4 59. exd4  exd4 60. a6  Bc5 61. a7  Bxa7 62. Qxa7  Qxe8 63. Qxd4  Qe2 64. b4  Kh7 65. Qc5  Qe1+ 66. Kh2  Qd2 67. b5  Qe2 68. b6  Qb2 69. Kg2  Qe2 70. Qc6  g5 71. Qf3 1-0

[Event "Open"]
[Site "Tallinn, EE"]
[Date "2024.12.14"]
[Round "2.1"]
[White "Kanep, Meelis"]
[Black "Krivenko, Dion"]
[Result "1-0"]
[Board "4"]
[TimeControl "40/5400+30"]
[WhiteFideId "4501047"]
[BlackFideId "4508378"]
[WhiteTitle "GM"]
[BlackTitle "FM"]
[WhiteElo "2377"]
[BlackElo "2269"]
[WhiteTeam "EST"]
[BlackTeam "EST"]
[WhiteClock "0:08:51"]
[BlackClock "0:04:00"]
[Variant "Standard"]

1. d4  Nf6 2. c4  g6 3. Nc3  Bg7 4. e4  d6 5. Be2  O-O 6. Be3  c5 7. d5  b5 8. cxb5  Qa5 9. Bd2  a6 10. a4  axb5 11. Bxb5  Ba6 12. Nge2  Bxb5 13. Nxb5  Qb6 14. Nec3  Na6 15. O-O  Ne8 16. Bg5  Qb7 17. Qd2  c4 18. Qe2  Rc8 19. Be3  Nf6 20. Na7  Ra8 21. Nc6  Nb4 22. Qxc4  Nc2 23. Rab1  Nxe3 24. fxe3  Ng4 25. Rfe1  Ne5 26. Qb5  Qc7 27. Rbc1  Nxc6 28. dxc6  Bxc3 29. Rxc3  Rfb8 30. Qe2  Rxa4 31. Qc2  Rbb4 32. b3  Ra5 33. Rd1  e6 34. Qd3  d5 35. exd5  exd5 36. Qd2  Rb6 37. Rdc1  Rba6 38. Qd4  Rb5 39. h3  Ra2 40. Qf4  Qxf4 41. exf4  Rb8 42. Rc5  Rd2 43. c7  Rc8 44. Rb5  Re2 45. Rb8  Ree8 46. Rxc8  Rxc8 47. b4  Kf8 48. Kf2  Ke7 49. Ke3 1-0

[Event "Open"]
[Site "Tallinn, EE"]
[Date "2024.12.15"]
[Round "2.2"]
[White "Krivenko, Dion"]
[Black "Kanep, Meelis"]
[Result "0-1"]
[Board "4"]
[TimeControl "40/5400+30"]
[WhiteFideId "4508378"]
[BlackFideId "4501047"]
[WhiteTitle "FM"]
[BlackTitle "GM"]
[WhiteElo "2269"]
[BlackElo "2377"]
[WhiteTeam "EST"]
[BlackTeam "EST"]
[WhiteClock "0:02:01"]
[BlackClock "0:05:51"]
[Variant "Standard"]

1. e4  c5 2. Nf3  d6 3. d4  cxd4 4. Qxd4  Nc6 5. Bb5  a6 6. Bxc6+  bxc6 7. c4  e5 8. Qd3  Ne7 9. c5  Ng6 10. cxd6  Qxd6 11. Qxd6  Bxd6 12. O-O  a5 13. Nc3  a4 14. Be3  Be6 15. Rfc1  f6 16. Nd1  Ra6 17. Ne1  Nf8 18. Nd3  Nd7 19. Bd2  Kf7 20. Ne3  Rb8 21. Nc4  Be7 22. Be3  c5 23. Kf1  Rc8 24. Rc3  Nb6 25. Nxb6  Rxb6 26. a3  Rb5 27. Bc1  c4 28. Ne1  Bc5 29. Rc2  Bd4 30. Nf3  c3 31. bxc3  Bxc3 32. Rxc3  Rxc3 33. Bd2  Rc4 34. Re1  Rb2 35. Bb4  Rcc2 36. Kg1  Rxf2 37. Rc1  Rxg2+ 38. Kh1  Rgc2 39. Rf1  Rf2 0-1

[Event "Open"]
[Site "Tallinn, EE"]
[Date "2024.12.16"]
[Round "3.1"]
[White "Volodin, Aleksandr"]
[Black "Kanep, Meelis"]
[Result "1/2-1/2"]
[Board "1"]
[TimeControl "40/5400+30"]
[WhiteFideId "4501950"]
[BlackFideId "4501047"]
[WhiteTitle "GM"]
[BlackTitle "GM"]
[WhiteElo "2466"]
[BlackElo "2377"]
[WhiteTeam "EST"]
[BlackTeam "EST"]
[WhiteClock "0:03:00"]
[BlackClock "0:01:02"]
[Variant "Standard"]

1. d4  Nf6 2. c4  g6 3. Nc3  Bg7 4. Nf3  O-O 5. g3  d6 6. Bg2  c6 7. O-O  Qa5 8. Re1  e5 9. e4  Nbd7 10. h3  exd4 11. Nxd4  Ne5 12. Bf1  Qb6 13. Nc2  a6 14. Be3  Qc7 15. f4  Ned7 16. Qd2  Re8 17. Bf2  b5 18. Rad1  Bf8 19. Bg2  bxc4 20. Ne3  Nb6 21. Qd4  Nfd7 22. Nxc4  Nxc4 23. Qxc4  Bb7 24. Rd2  Nb6 25. Qb3  c5 26. Red1  Bc6 27. Qc2  Qb7 28. Kh2  Nc4 29. Re2  Nb6 30. g4  a5 31. Bg3  a4 32. Rf2  Rab8 33. Qd3  Rbd8 34. f5  Nd7 35. Nd5  Bxd5 36. Qxd5  Qxd5 37. Rxd5  Ne5 38. f6  Bh6 39. Bxe5  Rxe5 40. Rd3  Bg5 41. Ra3  Re6 42. Rxa4  Rxf6 43. Rxf6  Bxf6 44. b3  Be5+ 45. Kh1  Bd4 46. Kh2  Re8 47. Kg3  Kg7 48. Kf4  h6 49. Bf3  Re7 50. Ra6  c4 51. bxc4  Bc5 52. Rc6  g5+ 53. Kg3  Kf6 54. Ra6  Ke5 55. Ra8  Ra7 56. Rxa7 1/2-1/2

[Event "Open"]
[Site "Tallinn, EE"]
[Date "2024.12.16"]
[Round "3.1"]
[White "Obolonin, Filipp"]
[Black "Narva, Mai"]
[Result "0-1"]
[Board "2"]
[TimeControl "40/5400+30"]
[WhiteFideId "4505549"]
[BlackFideId "4500512"]
[BlackTitle "IM"]
[WhiteElo "2009"]
[BlackElo "2413"]
[WhiteTeam "EST"]
[BlackTeam "EST"]
[WhiteClock "1:04:39"]
[BlackClock "0:23:49"]
[Variant "Standard"]

1. Nf3  Nf6 2. d4  e6 3. c4  d5 4. g3  Bb4+ 5. Bd2  Be7 6. Bg2  O-O 7. O-O  c6 8. cxd5  exd5 9. Bg5  h6 10. Bxf6  Bxf6 11. Nc3  Bf5 12. Rc1  Nd7 13. e3  a5 14. Na4  Qe7 15. Nc5  Nxc5 16. Rxc5  Qc7 17. Qa4  Be7 18. Rcc1  Qb6 19. Rc3  Qxb2 20. Qb3  Qxb3 21. Rxb3  Rfb8 22. Rc1  a4 23. Rb6  Bd8 24. Rb4  Kf8 25. Bf1  f6 26. Nh4  Bh7 27. Bh3  Ra6 28. Bf5  Bxf5 29. Nxf5  g6 30. Nh4  Kf7 31. Nf3  Be7 32. Rbb1  b5 33. Nd2  f5 34. Kf1  b4 35. Ke2  Rab6 36. Rc2  g5 37. Rbc1  Rc8 38. Rb1  Ke6 39. Kd3  g4 40. Rbb2  h5 41. Rb1  c5 42. dxc5  Rxc5 43. Rbb2  Rxc2 44. Rxc2  Ra6 45. Rc8  b3 46. Rc1  Bf6 0-1

[Event "Open"]
[Site "Tallinn, EE"]
[Date "2024.12.18"]
[Round "4.1"]
[White "Narva, Mai"]
[Black "Volodin, Aleksandr"]
[Result "1/2-1/2"]
[Board "1"]
[TimeControl "40/5400+30"]
[WhiteFideId "4500512"]
[BlackFideId "4501950"]
[WhiteTitle "IM"]
[BlackTitle "GM"]
[WhiteElo "2413"]
[BlackElo "2466"]
[WhiteTeam "EST"]
[BlackTeam "EST"]
[WhiteClock "0:23:30"]
[BlackClock "0:16:06"]
[Variant "Standard"]

1. e4  c5 2. Nf3  d6 3. d4  cxd4 4. Nxd4  Nf6 5. Nc3  a6 6. h4  e5 7. Nb3  Be6 8. f4  exf4 9. Bxf4  Nc6 10. Qd2  d5 11. O-O-O  Bb4 12. Bg5  dxe4 13. Qf2  Qe7 14. Bxf6  Qxf6 15. Qxf6  gxf6 16. Nxe4  Ke7 17. a3  f5 18. Nec5  Bxc5 19. Nxc5  Ra7 20. Rh3  Rd8 21. Rxd8  Nxd8 22. Rg3  Kf6 23. Rc3  Ra8 24. b4  Ke7 25. Be2  a5 26. Nxb7  axb4 27. Rc7+  Kf6 28. axb4  Nxb7 29. Rxb7  Bd5 30. Rb6+  Ke7 31. Rb5  Be4 32. Kd2  Rd8+ 33. Bd3  Ke6 34. Ke3  Bxd3 35. cxd3  Rg8 36. Rb6+  Ke7 37. b5  Rxg2 38. Rc6  Rh2 39. b6  Rxh4 40. Rc4  Rxc4 41. dxc4  Kd7 42. Kf4  Kc6 43. c5  h5 44. Kg5  f4 45. Kxf4  f6 46. Kf5  Kb7 47. Ke6  h4 48. Kd6  h3 49. c6+  Kxb6 50. c7  h2 51. c8=Q  h1=Q 52. Qc5+  Ka6 53. Qc4+  Ka5 54. Qc3+ 1/2-1/2

[Event "Open"]
[Site "Tallinn, EE"]
[Date "2024.12.19"]
[Round "4.2"]
[White "Volodin, Aleksandr"]
[Black "Narva, Mai"]
[Result "1/2-1/2"]
[Board "1"]
[TimeControl "40/5400+30"]
[WhiteFideId "4501950"]
[BlackFideId "4500512"]
[WhiteTitle "GM"]
[BlackTitle "IM"]
[WhiteElo "2466"]
[BlackElo "2413"]
[WhiteTeam "EST"]
[BlackTeam "EST"]
[WhiteClock "0:11:56"]
[BlackClock "0:16:03"]
[Variant "Standard"]

1. d4  Nf6 2. c4  g6 3. Nf3  Bg7 4. g3  O-O 5. Bg2  c6 6. Nc3  d5 7. Qb3  dxc4 8. Qxc4  Bf5 9. O-O  Nbd7 10. Bf4  h6 11. Rfd1  Bc2 12. Rdc1  Nb6 13. Qc5  Bf5 14. Qa3  Ne4 15. h4  Re8 16. Qb3  Rc8 17. Rd1  Be6 18. Qc2  Nxc3 19. bxc3  Nc4 20. Qc1  Kh7 21. Rb1  b5 22. Nd2  Nxd2 23. Qxd2  Qa5 24. Ra1  Bc4 25. Qc2  e5 26. dxe5  Bxe5 27. Bxe5  Rxe5 28. e3  Be6 29. a4  Qc7 30. Qb2  a5 31. Qa3  bxa4 32. Qxa4  Rc5 33. Qd4  Qe7 34. Qa4  Rb8 35. Rd4  Bb3 36. Qa3  Qe5 37. Rc1  a4 38. Bf3  h5 39. Bd1  Rd5 40. Bf3  Rc5 41. c4 1/2-1/2

[Event "Open"]
[Site "Tallinn, EE"]
[Date "2024.12.18"]
[Round "4.1"]
[White "Kanep, Meelis"]
[Black "Obolonin, Filipp"]
[Result "1-0"]
[Board "2"]
[TimeControl "40/5400+30"]
[WhiteFideId "4501047"]
[BlackFideId "4505549"]
[WhiteTitle "GM"]
[WhiteElo "2377"]
[BlackElo "2009"]
[WhiteTeam "EST"]
[BlackTeam "EST"]
[WhiteClock "0:17:47"]
[BlackClock "0:57:03"]
[Variant "Standard"]

1. d4  d5 2. c4  e6 3. Nc3  Nf6 4. Bg5  Be7 5. e3  c6 6. Nf3  Nbd7 7. Qc2  h6 8. Bf4  b6 9. cxd5  exd5 10. Bd3  Bb7 11. h3  O-O 12. O-O  Re8 13. Rad1  b5 14. Ne2  Qb6 15. Ne5  Nxe5 16. Bxe5  Nd7 17. Bg3  Rad8 18. Bf5  Nf8 19. Nc1  a5 20. Nd3  g6 21. Bg4  Kg7 22. Rc1  h5 23. Be2  Ne6 24. Rfd1  Rc8 25. Ne5  c5 26. Nd7  Qa7 27. dxc5  Nxc5 28. Be5+  f6 29. Bd4  Rc7 30. Nxc5  Bxc5 31. Bxc5  Rec8 32. Bxa7  Rxc2 33. Rxc2  Rxc2 34. Bxb5  Rxb2 35. a4 1-0

[Event "Open"]
[Site "Tallinn, EE"]
[Date "2024.12.19"]
[Round "4.2"]
[White "Obolonin, Filipp"]
[Black "Kanep, Meelis"]
[Result "1/2-1/2"]
[Board "2"]
[TimeControl "40/5400+30"]
[WhiteFideId "4505549"]
[BlackFideId "4501047"]
[BlackTitle "GM"]
[WhiteElo "2009"]
[BlackElo "2377"]
[WhiteTeam "EST"]
[BlackTeam "EST"]
[WhiteClock "1:17:31"]
[BlackClock "0:08:01"]
[Variant "Standard"]

1. d4  d5 2. Nf3  Nf6 3. g3  Bf5 4. Bg2  e6 5. O-O  Be7 6. c4  c6 7. Nc3  h6 8. Nd2  O-O 9. e4  dxe4 10. Ndxe4  Nxe4 11. Nxe4  Nd7 12. Nc3  Nf6 13. h3  Qb6 14. Na4  Qa6 15. Qb3  Rac8 16. Be3  Be4 17. f3  Bg6 18. Nc5  Bxc5 19. dxc5  Nd7 20. Rfd1  Rc7 21. Rd6  Qa5 22. Qd1  Nxc5 23. a3  Na6 24. Bxa7  Nc5 25. Bxc5  Qxc5+ 26. Qd4  Qxd4+ 27. Rxd4  e5 28. Rd6  Bf5 29. Rad1  Re8 30. Kf2  Kf8 31. Ke3  Be6 32. c5  Bd5 33. Bf1  Ra8 34. Rd3  Ke7 35. f4  exf4+ 36. Kxf4  Kf8 37. Ke3  Re7+ 38. Kd2  Rae8 39. R6xd5  cxd5 40. Rxd5  Re5 41. Rxe5  Rxe5 42. b4  Ke8 43. Bg2  Re7 44. a4  Kd8 45. Kd3  Kc7 46. a5  Re1 47. b5  Ra1 48. a6  b6 49. Kd4  Rd1+ 50. Ke5  Ra1 51. Kd4  Rd1+ 52. Ke5  Ra1 53. Kd4  bxc5+ 54. Kxc5  Rc1+ 55. Kd4  Kb6 56. Ke3  Ra1 57. Bc6  Ra4 58. Kf3  Rb4 59. h4  g5 60. hxg5  hxg5 61. g4  f6 62. Kg3  Rb3+ 63. Kf2  Ra3 64. Kg2  Rb3 65. Kf2  Ra3 66. Kg2  Rb3 67. Kf2  Ra3 1/2-1/2

[Event "Open"]
[Site "Tallinn, EE"]
[Date "2024.12.19"]
[Round "4.3"]
[White "Volodin, Aleksandr"]
[Black "Narva, Mai"]
[Result "1-0"]
[Board "1"]
[TimeControl "900+3"]
[WhiteFideId "4501950"]
[BlackFideId "4500512"]
[WhiteTitle "GM"]
[BlackTitle "IM"]
[WhiteElo "2410"]
[BlackElo "2384"]
[WhiteTeam "EST"]
[BlackTeam "EST"]
[WhiteClock "0:01:01"]
[BlackClock "0:15:03"]
[Variant "Standard"]

1. d4  Nf6 2. c4  g6 3. Nc3  Bg7 4. Nf3  O-O 5. g3  d5 6. Qb3  c6 7. Bg2  Qb6 8. O-O  Bf5 9. c5  Qxb3 10. axb3  Nbd7 11. b4  Ne4 12. h3  e5 13. g4  Nxc3 14. bxc3  Be4 15. Be3  f5 16. gxf5  Rxf5 17. dxe5  Bxf3 18. Bxf3  Nxe5 19. Bg2  Nc4 20. Bd4  a6 21. Ra2  Raf8 22. e3  g5 23. Rd1  h5 24. e4  dxe4 25. Bxe4  Rf4 26. Re2  Ne5 27. Bxe5  Bxe5 28. Bd5+  cxd5 29. Rxe5  g4 30. Rg5+  Kf7 31. Rdxd5  Ke6 32. Rge5+  Kf6 33. Rxh5  gxh3 34. Rxh3  Re8 35. Kg2  Rc4 36. Rd6+  Kg5 37. Rd7  a5 38. Rg3+  Kf5 39. Rf7+  Ke6 40. Rxb7  Rf8 41. Rb6+  Kd5 42. Rd6+  Ke5 43. Re3+  Re4 44. Rxe4+  Kxe4 45. Ra6  Kd5 1-0

[Event "Open"]
[Site "Tallinn, EE"]
[Date "2024.12.19"]
[Round "4.4"]
[White "Narva, Mai"]
[Black "Volodin, Aleksandr"]
[Result "0-1"]
[Board "1"]
[TimeControl "900+3"]
[WhiteFideId "4500512"]
[BlackFideId "4501950"]
[WhiteTitle "IM"]
[BlackTitle "GM"]
[WhiteElo "2384"]
[BlackElo "2410"]
[WhiteTeam "EST"]
[BlackTeam "EST"]
[WhiteClock "0:10:36"]
[BlackClock "0:12:49"]
[Variant "Standard"]

1. e4  c5 2. Nf3  d6 3. d4  cxd4 4. Nxd4  Nf6 5. Nc3  a6 6. h4  e5 7. Nb3  Be6 8. f4  g6 9. Be2  Be7 10. g4  exf4 11. g5  f3 12. Bxf3  Nfd7 13. Bf4  Nc6 14. Bxd6  Nde5 15. Bxe7  Qxe7 16. Qe2  Bxb3 0-1

[Event "Women"]
[Site "Tallinn, EE"]
[Date "2024.12.14"]
[Round "1.1"]
[White "Saag, Enith Li"]
[Black "Olde, Margareth"]
[Result "0-1"]
[Board "1"]
[TimeControl "40/5400+30"]
[WhiteFideId "4501373"]
[BlackFideId "4503082"]
[BlackTitle "WIM"]
[WhiteElo "1805"]
[BlackElo "2147"]
[WhiteTeam "EST"]
[BlackTeam "EST"]
[WhiteClock "0:12:02"]
[BlackClock "0:01:22"]
[Variant "Standard"]

1. e4  c5 2. Bc4  e6 3. Nc3  a6 4. a4  Ne7 5. d3  d5 6. exd5  exd5 7. Bb3  Be6 8. Qe2  Nbc6 9. Nf3  h6 10. O-O  g6 11. h3  Bg7 12. Rd1  O-O 13. Bf4  Nf5 14. Qd2  g5 15. Bh2  Nfd4 16. Nxd4  Nxd4 17. Ba2  b5 18. Rab1  Qd7 19. a5  Qd8 20. f4  b4 21. Ne2  Bxh3 22. Nxd4  Bxd4+ 23. Kh1  Be6 24. c3  bxc3 25. bxc3  Bg7 26. Rb6  g4 27. Qf2  Qd7 28. Rf1  Bf5 29. Qxc5  Rfd8 30. d4  Bd3 31. Rf2  Rac8 32. Qb4  Qf5 33. Qb2  Re8 34. Qd2  Bb5 35. Bg3  Re7 36. Bh4  Rec7 37. Rd6  Rd7 38. Rxd7  Bxd7 39. Re2  Be6 40. Re1  Rb8 41. Qc1  Qh5 42. g3  Bf6 43. Kg2  Bxh4 44. gxh4  Qxh4 45. Rh1  Qf6 46. Rh5  Qg6 47. Re5  Qd3 48. Re3  Qb5 49. Kg3  Kg7 50. Re5  Qxa5 51. Bb1  Rxb1 52. Qxb1  Qxc3+ 53. Kg2  Qf3+ 54. Kg1  Qg3+ 55. Kf1  Qxf4+ 56. Ke1  Qxd4 0-1